 Dungeon Crawl Stone Soup version 0.32-a0-484-g2eb335deba (webtiles) character file.

Game seed: 3100217632355997020

837 Alarak the Fighter (level 8, -4/64 (68) HPs)
             Began as a Formicid Fighter on Feb 26, 2024.
             Slain by a hornet (12 damage)
             ... on level 5 of the Dungeon.
             The game lasted 00:06:06 (3643 turns).

Alarak the Fighter (Formicid Fighter)               Turns: 3643, Time: 00:06:07

HP:   -4/64 (68)    AC: 16    Str: 22    XL:     8   Next: 19%
MP:   8/8           EV: 13    Int: 15    God:
Gold: 194           SH: 12    Dex: 13    Spells: 7/7 levels left

rFire   . . .        b - +2 flail (protect)
rCold   . . .        c - +1 buckler
rNeg    . . .        q - +0 chain mail
rPois   .            (helmet unavailable)
rElec   .            (no cloak)
rCorr   .            (no gloves)
SInv    +            (no boots)
Will    .....        l - amulet of reflection Stlth
                     e - +6 ring of intelligence
HPRegen 0.30/turn    i - +5 ring of evasion
MPRegen 0.11/turn

%: reflection
@: under a protective aura, drained
A: permanent stasis, dig shafts and tunnels, antennae 3, four strong arms
a: Dig, Shaft Self


You were on level 5 of the Dungeon.
You visited 1 branch of the dungeon, and saw 6 of its levels.

You collected 194 gold pieces.

Inventory:

Hand Weapons
 a - a +0 war axe
 b - a +2 flail of protection (weapon)
Armour
 c - a +1 buckler (worn)
 q - a +0 chain mail (worn)
Jewellery
 e - a +6 ring of intelligence (left hand)
 i - a +5 ring of evasion (right hand)
 l - an amulet of reflection (around neck)
 m - a +6 ring of strength
Scrolls
 g - a scroll of poison
 s - a scroll of immolation
 u - a scroll of amnesia
 v - a scroll of fog
 x - a scroll of identify
Potions
 d - 2 potions of might
 f - a potion of brilliance
 h - a potion of enlightenment
 j - a potion of heal wounds
 k - a potion of haste {unknown}
 n - a potion of lignification {unknown}
 o - a potion of degeneration {unknown}
 p - a potion of curing {unknown}
 r - a potion of attraction {unknown}
 w - a potion of resistance {unknown}


   Skills:
 - Level 8.2 Fighting
 - Level 2.2 Axes
 - Level 3.2 Armour
 + Level 7.9 Shields


You had 7 spell levels left.
You didn't know any spells.
Your spell library contained the following spells:

 Spells                   Type           Power      Damage    Failure   Level
 Stone Arrow              Conj/Erth      0%         3d7       99%         3
 Animate Armour           Summ/Erth      0%         N/A       100%        4
 Alistair's Intoxication  Alch           0%         N/A       100%        5
 Borgnjor's Vile Clutch   Necr/Erth      0%         N/A       100%        5
 Eringya's Noxious Bog    Alch           0%         4d6       100%        6
 Lehudib's Crystal Spear  Conj/Erth      0%         10d2      100%        8


Dungeon Overview and Level Annotations

Branches:
Dungeon (6/15)
 Temple: D:4-7

Altars:
Kikubaaqudgha
Makhleb

Shops:
D:5 !


Innate Abilities, Weirdness & Mutations

You cannot be hasted, slowed, berserked, paralysed or teleported.
You can dig through walls and to a lower floor.
You have a pair of large antennae on your head. (SInv)
Your four strong arms can wield two-handed weapons with a shield.


Message History

You block the hornet's attack. The howler monkey hits you.
You block the wight's attack. The hornet stings you!
Your stasis prevents you from being slowed.
You closely miss the hornet. You block the howler monkey's attack.
You block the hornet's attack. The howler monkey misses you.
The wight hits you with a +0 dagger.
You feel drained. The hornet barely misses you.
You hit the hornet.
Your weapon exudes an aura of protection.
The hornet is lightly wounded.
The howler monkey misses you. The hornet stings you!
Your stasis prevents you from being slowed.
You block the wight's attack. You block the howler monkey's attack.
The hornet closely misses you.
You barely miss the hornet.
The hornet is lightly wounded.
The wight barely misses you. The hornet barely misses you.
The howler monkey hoots and howls with incredible vigour!
You block the wight's attack. The hornet stings you.
Your stasis prevents you from being slowed.
You miss the hornet.
The hornet is lightly wounded.
The howler monkey closely misses you. The hornet stings you!
* * * LOW HITPOINT WARNING * * *
Your stasis prevents you from being slowed.
The wight closely misses you.
The howler monkey hoots and howls with incredible vigour!
You closely miss the hornet.
The hornet is lightly wounded.
You block the hornet's attack. You block the howler monkey's attack.
The hornet closely misses you. The wight hits you with a +0 dagger.
* * * LOW HITPOINT WARNING * * *
The howler monkey closely misses you. The hornet misses you.
You sock the hornet!
Your weapon exudes an aura of protection.
The hornet is heavily wounded.
The wight hits you with a +0 dagger.
* * * LOW HITPOINT WARNING * * *
You feel drained. The hornet stings you!
You die...

....##.............#..<§≈§§≈#
.#####...................§###
.#.###.###.#................#
.......#.####.............###
##.....)## ###.............#
#.......####.#...........###
#..##.....##....#........#
..###.....#..####h.......##
...##.........##@.#.......#
............####zy##.###..#
###.........#.)..######..##
##..........#†....####..##
.##.>....................#
..##..............#......#
..................###...##
......#....#....#........###
.....##..............#.....#


You could see a hornet, a howler monkey (catching breath) and a wight.

Vanquished Creatures
  Grinder (D:6)
  A black bear (D:5)
  An ogre (D:4)
  A scorpion (D:5)
  A howler monkey (D:5)
  A jelly (D:4)
  A hound (D:5)
  An orc priest (D:4)
  2 orc wizards (D:5)
  An iguana (D:5)
  2 sleepcaps (D:4)
  An adder (D:3)
  4 gnolls (D:4)
  A dart slug (D:1)
  A ribbon worm (D:3)
  14 orcs
  9 endoplasms
  4 giant cockroaches
  11 goblins
  5 hobgoblins
  4 quokkas
  5 ball pythons
  7 bats
  2 frilled lizards
  4 kobolds
  5 rats
90 creatures vanquished.

Notes
Turn   | Place    | Note
-------+----------+-------------------------------------------
     0 | D:1      | Alarak the Formicid Fighter began the quest for the Orb.
     0 | D:1      | Reached XP level 1. HP: 18/18 MP: 1/1
   234 | D:1      | Reached XP level 2. HP: 20/25 MP: 2/2
   262 | D:1      | Found a faded altar of an unknown god.
   561 | D:1      | Reached skill level 4 in Fighting
   638 | D:1      | Reached XP level 3. HP: 28/30 MP: 3/3
  1327 | D:3      | Reached XP level 4. HP: 38/38 MP: 4/4
  1349 | D:3      | Found a burning altar of Makhleb.
  1389 | D:3      | Reached skill level 5 in Fighting
  2239 | D:4      | Reached XP level 5. HP: 34/46 MP: 5/5
  2243 | D:4      | Reached skill level 6 in Fighting
  2411 | D:4      | Noticed an ogre
  2420 | D:4      | Killed an ogre
  2421 | D:4      | Reached skill level 7 in Fighting
  2421 | D:4      | Reached XP level 6. HP: 14/55 MP: 6/6
  2985 | D:5      | Entered Level 5 of the Dungeon
  3037 | D:5      | Noticed a black bear
  3052 | D:5      | Killed a black bear
  3053 | D:5      | Reached skill level 8 in Fighting
  3053 | D:5      | Reached XP level 7. HP: 52/62 MP: 7/7
  3182 | D:5      | Found Gackumn's Distillery.
  3268 | D:5      | Reached skill level 5 in Shields
  3418 | D:5      | Found an ancient bone altar of Kikubaaqudgha.
  3615 | D:6      | Noticed Grinder
  3622 | D:6      | Noticed a hornet
  3631 | D:6      | Killed Grinder
  3632 | D:6      | Reached XP level 8. HP: 68/68 MP: 8/8
  3643 | D:5      | Slain by a hornet

Illustrated notes

Levels and vault maps discovered:
D:1:      lemuel_arrival_cross, layout_basic,
          hellmonk_ecumenical_altar_pennies_from_heaven, st_stairs_1
D:2:      layout_rooms
D:3:      layout_loops_corners, mainiacjoe_overflow_cross_hatched
D:4:      layout_basic, serial_forest, infiniplex_forest_end_3,
          infiniplex_forest_clump_medium, infiniplex_forest_lined_3_way,
          infiniplex_forest_clump_small, infiniplex_forest_straight_2,
          infiniplex_forest_straight_2, infiniplex_forest_lined_3,
          infiniplex_forest_corner_1, infiniplex_forest_end_double
D:5:      layout_cave_pools, kennysheep_mini_moat, serial_shops, shop
D:6:      layout_rooms, portal_sewer_entry_f, kennysheep_generic_room_8,
          uniq_grinder

Skill      XL: |  1  2  3  4  5  6  7 |
---------------+----------------------+-----
Fighting       | 4 5 7 8 |  8.2
Shields        | 7 |  7.9
Axes           | |  2.2
Armour         | |  3.2

Action                     |  1- 3 |  4- 6 |  7- 9 || total
---------------------------+-------+-------+-------++-------
  Melee: War axe           |    97 |    40 |       ||   137
         Flail             |       |    57 |    68 ||   125
Ability: Dig               |       |       |     2 ||     2
    Use: Scroll            |     3 |     9 |     1 ||    13
 Armour: Scale mail        |    55 |     2 |       ||    57
         Chain mail        |       |    43 |    59 ||   102
  Dodge: Dodged            |    44 |    51 |    62 ||   157
  Block: Buckler           |    25 |    48 |    64 ||   137
         Reflection        |       |     3 |     1 ||     4

Table legend: (Time is in decaauts)
 A = Elapsed time spent in this place.
 B = Non-inter-level travel time spent in this place.
 C = Inter-level travel time spent in this place.
 D = Time resting spent in this place.
 E = Time spent auto-exploring this place.
 F = Levels seen in this place.
 G = Mean time per level.
                   A        B        C        D        E       F      G
               +--------+--------+--------+--------+--------+-----+--------+
         Total |   3747 |   3465 |    282 |    213 |   2531 |   6 |  624.5 |
       Dungeon |   3747 |   3465 |    282 |    213 |   2531 |   6 |  624.5 |
               +--------+--------+--------+--------+--------+-----+--------+

Top non-repeatable levels by time:
     D:1: 877 daAuts
     D:3: 855 daAuts
     D:4: 847 daAuts
     D:5: 663 daAuts
     D:2: 481 daAuts
     D:6: 21 daAuts
